 Dungeon Crawl Stone Soup version 0.17-a0-1301-ga863c44 (webtiles) character file.

1583 inmateoo the Frost Mage (level 8, -11/57 HPs)
             Began as a Pale Draconian Ice Elementalist on June 7, 2015.
             Was a Priest of Vehumet.
             Mangled by a wyvern skeleton (12 damage)
             ... on level 7 of the Dungeon.
             The game lasted 00:08:04 (6220 turns).

inmateoo the Frost Mage (DrIE)                      Turns: 6220, Time: 00:08:05

Health: -11/57     AC: 12    Str: 11      XL:     8   Next: 60%
Magic:  14/17      EV: 12    Int: 13 (17) God:    Vehumet [***...]
Gold:   494        SH:  0    Dex: 12      Spells: 6 memorised, 1 level left

rFire  . . .     SeeInvis .     r - +1 whip (drain)
rCold  . . .     Clarity  .     (armour unavailable)
rNeg   . . .     SustAt   .     (no shield)
rPois  +         Gourm    .     (helmet restricted)
rElec  .         Spirit   .     (no cloak)
rCorr  +         Warding  .     (no gloves)
rMut   .         Stasis   .     (no boots)
MR     .....                    y - amulet of resist corrosion
Stlth  ++........               d - ring of wizardry
                                i - ring of poison resistance

@: icy armour, not resistant to hostile enchantments, unstealthy
A: breathe steam, unfitting armour, cold-blooded, AC +6
a: Breathe Steam, Renounce Religion


You were on level 7 of the Dungeon.
You worshipped Vehumet.
Vehumet was most pleased with you.
You were not hungry.

You visited 1 branch of the dungeon, and saw 7 of its levels.

You collected 494 gold pieces.

Inventory:

Hand weapons
 r - a +1 whip of draining (weapon)
 J - a +2 long sword of holy wrath
Jewellery
 d - a ring of wizardry (right hand)
 i - a ring of poison resistance (left hand)
 y - an amulet of resist corrosion (around neck)
 G - an uncursed ring of positive energy
Scrolls
 c - 9 scrolls of identify {unknown}
 e - a scroll of noise {unknown}
 f - 7 scrolls of magic mapping {unknown}
 l - 3 scrolls of blinking {unknown}
 p - a scroll of remove curse {unknown}
 q - 2 scrolls of enchant armour {unknown}
 t - 5 scrolls of teleportation {unknown}
 w - 3 scrolls of enchant weapon {unknown}
 C - a scroll of fear {unknown}
 D - 2 scrolls of amnesia {unknown}
 E - a scroll of immolation {unknown}
 H - 2 scrolls of fog {unknown}
Potions
 g - a potion of invisibility {unknown}
 h - a potion of brilliance {unknown}
 j - 2 potions of heal wounds {unknown}
 k - a potion of haste {unknown}
 o - 4 potions of curing {unknown}
 s - 3 potions of degeneration
 v - a potion of ambrosia {unknown}
 x - a potion of poison {unknown}
 z - a potion of beneficial mutation {unknown}
 F - a potion of berserk rage {unknown}
Books
 a - a book of Frost

   Spells                             Type                      Level
   a - Freeze                         Ice                          1
   b - Throw Frost                    Conjuration/Ice              2
   c - Ozocubu's Armour               Charms/Ice                   3
   d - Throw Icicle                   Conjuration/Ice              4
   e - Summon Ice Beast               Ice/Summoning                4
   f - Condensation Shield            Ice                          4
 A - a book of Hinderance (quivered)

   Spells                             Type                      Level
   a - Confusing Touch                Hexes                        2
   b - Confuse                        Hexes                        3
   c - Gell's Gravitas                Hexes/Translocation          3
   d - Petrify                        Transmutation/Earth          4
   e - Metabolic Englaciation         Hexes/Ice                    5
Comestibles
 b - 3 bread rations
 m - 3 fruits
 n - 2 beef jerkies
 u - 2 meat rations
 B - 3 slices of pizza


   Skills:
 - Level 1.7 Dodging
 - Level 1.7 Stealth
 + Level 6.0 Spellcasting
 - Level 1.0 Conjurations
 - Level 9.1 Ice Magic
 * Level 2.3 Air Magic


You had one spell level left.
You knew the following spells:

 Your Spells              Type           Power        Failure   Level  Hunger
a - Freeze                Ice            ####         1%          1    None
b - Throw Frost           Conj/Ice       ###...       1%          2    ##.....
c - Ozocubu's Armour      Chrm/Ice       ###.....     4%          3    ###....
d - Condensation Shield   Ice            ####......   1%          4    ####...
e - Throw Icicle          Conj/Ice       ###.....     2%          4    ####...
f - Airstrike             Air            ##........   13%         4    ####...


Dungeon Overview and Level Annotations

Branches:
Dungeon (7/15)             Temple (0/1) D:6

Altars:
Fedhas
Okawaru
Vehumet


Innate Abilities, Weirdness & Mutations

You can breathe blasts of scalding, opaque steam.
Your pale cyan-grey scales are hard (AC +6).
Your body does not fit into most forms of armour.
You are cold-blooded and may be slowed by cold attacks.


Message History

You are too injured to fight recklessly!
You are too injured to fight recklessly!
You are too injured to fight recklessly!
You are too injured to fight recklessly!
You are too injured to fight recklessly!
You are too injured to fight recklessly!
You are too injured to fight recklessly!
Drink which item? (? for menu, Esc to quit)
Okay, then.
You hit the wyvern skeleton. The wyvern skeleton barely misses you.
The wyvern skeleton barely misses you.
Cast which spell? (? or * to list)
A film of ice covers your body! The wyvern skeleton bites you!
* * * LOW HITPOINT WARNING * * *
Drink which item? (? for menu, Esc to quit)
It was a potion of degeneration.
There was something very wrong with that liquid.
You feel dopey. The wyvern skeleton bites you!
You die...

###### #....# #.##.#
#.##.##### #........#
#@#...##.########
.....(Z...............#
#######....###.######)#
#.....##.# ##)##
#....###.# #[.[. #.....
..# #..## ###.######
#..## .# ###..## ###
#....##


You could see a wyvern skeleton.

Vanquished Creatures
  A sky beast (D:7)
  An orc warrior (D:7)
  2 ogres
  3 centaurs
  A gnoll sergeant (D:5)
  2 giant frogs
  A scorpion (D:5)
  A giant frog zombie (D:5)
  A crimson imp (D:6)
  3 hounds
  An orc priest (D:7)
  4 orc wizards
  3 iguanas
  2 hell rats (D:5)
  2 worker ants (D:4)
  6 gnolls
  5 river rats (D:5)
  4 adders
  An ooze (D:1)
  A worm (D:2)
  16 orcs
  A ball python (D:5)
  4 giant cockroaches
  12 goblins
  4 hobgoblins
  9 kobolds
  4 quokkas
  5 bats
  5 giant geckos
  3 giant newts
  35 rats
143 creatures vanquished.

Notes
Turn   | Place    | Note
--------------------------------------------------------------
     0 | D:1      | inmateoo the Draconian Ice Elementalist began the quest for the Orb.
     0 | D:1      | Reached XP level 1. HP: 14/14 MP: 3/3
   479 | D:1      | Reached XP level 2. HP: 17/20 MP: 3/5
  1355 | D:2      | Found a radiant altar of Vehumet.
  1375 | D:2      | Became a worshipper of Vehumet
  1814 | D:2      | Found an iron altar of Okawaru.
  1822 | D:2      | Reached XP level 3. HP: 23/26 MP: 3/6
  2172 | D:3      | Reached skill level 4 in Ice Magic
  2244 | D:3      | Learned a level 2 spell: Throw Frost
  2248 | D:3      | Learned a level 3 spell: Ozocubu's Armour
  2255 | D:3      | Reached XP level 4. HP: 29/33 MP: 4/8
  2827 | D:4      | Reached skill level 5 in Ice Magic
  2827 | D:4      | Reached XP level 5. HP: 32/38 MP: 2/9
  2830 | D:4      | Acquired Vehumet's first power
  2830 | D:4      | Offered knowledge of Magic Dart by Vehumet.
  3418 | D:5      | Entered Level 5 of the Dungeon
  3486 | D:5      | Reached XP level 6. HP: 28/45 MP: 0/11
  3616 | D:5      | Reached skill level 6 in Ice Magic
  3883 | D:4      | Noticed a phantom
  4459 | D:4      | Learned a level 4 spell: Condensation Shield
  4478 | D:5      | Your scales start taking on a pale cyan-grey colour.
  4478 | D:5      | Reached XP level 7. HP: 37/50 MP: 7/13
  4555 | D:5      | Offered knowledge of Flame Tongue by Vehumet.
  4563 | D:5      | Learned a level 4 spell: Throw Icicle
  4633 | D:5      | Reached skill level 7 in Ice Magic
  4797 | D:5      | Offered knowledge of Mephitic Cloud by Vehumet.
  4947 | D:6      | Acquired Vehumet's second power
  5002 | D:6      | Found a staircase to the Ecumenical Temple.
  5130 | D:6      | Found a blossoming altar of Fedhas.
  5409 | D:6      | Reached skill level 5 in Spellcasting
  5546 | D:7      | Reached skill level 8 in Ice Magic
  5590 | D:7      | Reached XP level 8. HP: 57/57 MP: 6/15
  5772 | D:7      | Offered knowledge of Airstrike by Vehumet.
  5897 | D:7      | Learned a level 4 spell: Airstrike
  5949 | D:7      | Reached skill level 9 in Ice Magic
  5952 | D:7      | Reached skill level 1 in Air Magic
  6219 | D:7      | HP: 1/57 [wyvern skeleton (15)]
  6220 | D:7      | Mangled by a wyvern skeleton

Vault maps used:
D:1:      erik_arrival_cave_to_civilisation, grunt_decor_clamped,
          dk_noncrumbling_4, grunt_decor_cap, minmay_strange_pillars
D:2:      old_standard_altar, okawaru_ov_weapons_minmay
D:3:      first_bread
D:5:      lemuel_ratsnest, grunt_ministairs_9
D:6:      nicolae_overflow_crystal_walls, minmay_temple_entry_grid, minivault_23
D:7:      lemuel_round_altar, grunt_livestock

Action                   |  1- 3 |  4- 6 |  7- 9 || total
-------------------------+-------+-------+-------++-------
Melee: Unarmed           |    16 |       |       ||    16
       Whip              |     6 |    25 |    91 ||   122
 Cast: Freeze            |    49 |    80 |    79 ||   208
       Ozocubu's Armour  |       |     4 |     7 ||    11
 Abil: Breathe Steam     |       |       |     3 ||     3
  Use: Potion            |       |       |     1 ||     1
 Stab: Sleeping          |     1 |     1 |     2 ||     4
  Eat: Chunk             |     4 |     7 |     7 ||    18
